 Dungeon Crawl Stone Soup version 0.28.0-53-g5a82cb258f (webtiles) character file.

Game seed: 2835034935302214538

29 Logoto the Firebug (level 3, -1/26 HPs)
             Began as a Hill Orc Fire Elementalist on Aug 3, 2022.
             Slain by Crazy Yiuf
             ... wielding a +3 quarterstaff of chaos
              (9 damage)
             ... on level 2 of the Dungeon.
             The game lasted 00:04:03 (1982 turns).

Logoto the Firebug (Hill Orc Fire Elementalist)     Turns: 1982, Time: 00:04:04

Health: -1/26      AC:  5    Str: 12    XL:     3   Next: 16%
Magic:  0/5        EV: 10    Int: 15    God:
Gold:   54         SH:  0    Dex: 11    Spells: 2/5 levels left

rFire   . . .      SeeInvis .   f - +0 dagger
rCold   . . .      Faith    .   (no shield)
rNeg    . . .      Spirit   .   d - +0 ring mail
rPois   .          Reflect  .   (no helmet)
rElec   .          Harm     .   (no cloak)
rCorr   .          Rampage  .   (no gloves)
Will    .....                   (no boots)
Stlth   +.........              (no amulet)
HPRegen 0.08/turn               (no ring)
MPRegen 0.09/turn               (no ring)

@: very slightly contaminated
A: no striking features
a: no special abilities


You were on level 2 of the Dungeon.
You visited 1 branch of the dungeon, and saw 2 of its levels.

You collected 54 gold pieces.

Inventory:

Hand Weapons
 f - a +0 dagger (weapon)
Missiles
 b - a throwing net
Armour
 a - a +0 robe
 d - a +0 ring mail (worn)
Scrolls
 c - a scroll of identify {unknown}
 e - 3 scrolls of enchant armour {unknown}
Potions
 g - a potion of cancellation {unknown}


   Skills:
 + Level 0.2 Armour
 + Level 1.8 Dodging
 + Level 1.7 Stealth
 - Level 0.2 Unarmed Combat
 + Level 1.9 Spellcasting
 + Level 1.3 Conjurations
 + Level 3.7 Fire Magic


You had 2 spell levels left.
You knew the following spells:

 Your Spells              Type           Power      Damage    Failure   Level
a - Foxfire               Conj/Fire      36%        2x1d5     19%         1
b - Scorch                Fire           24%        2d6       16%         2

Your spell library contained the following spells:

 Spells                   Type           Power      Damage    Failure   Level
 Conjure Flame            Conj/Fire      9%         6-21      47%         3
 Inner Flame              Hex/Fire       7%         N/A       56%         3
 Gell's Gravitas          Tloc           1%         N/A       83%         3
 Teleport Other           Tloc           1%         N/A       83%         3
 Flame Wave               Conj/Fire      9%         2d5       87%         4
 Dispersal                Tloc           0%         N/A       100%        6


Dungeon Overview and Level Annotations

Branches:
Dungeon (2/15)

Altars:

Annotations:
D:2 Crazy Yiuf


Message History

You open the door.
Casting: Foxfire (safe; 19% risk of failure)
Confirm with . or Enter, or press ? or * to list all spells.
Flames lash Crazy Yiuf.
Crazy Yiuf is lightly wounded.
Crazy Yiuf's fire resistance burns away.
Casting: Scorch (safe; 16% risk of failure)
Confirm with . or Enter, or press ? or * to list all spells.
You conjure some foxfire!
Crazy Yiuf hits you with a +3 quarterstaff of chaos!
Crazy Yiuf burns you.
Your foxfire dissipates!
Crazy Yiuf twirls on the spot.
Crazy Yiuf closely misses you.
Crazy Yiuf is no longer more vulnerable to fire.
Crazy Yiuf yells, "Island!
Aardvark horse return to song."
Crazy Yiuf cries, "You leg down broken song, no?"
Casting: Foxfire (safe; 19% risk of failure)
Confirm with . or Enter, or press ? or * to list all spells.
You conjure some foxfire!
Crazy Yiuf barely misses you.
The foxfire hits Crazy Yiuf.
Crazy Yiuf is moderately wounded.
The foxfire hits Crazy Yiuf.
Crazy Yiuf is moderately wounded.
Casting: Foxfire (safe; 19% risk of failure)
Confirm with . or Enter, or press ? or * to list all spells.
You miscast Scorch.
You are very lightly contaminated with residual magic.
Nothing appears to happen.
Crazy Yiuf barely misses you.
You barely miss Crazy Yiuf.
Crazy Yiuf is moderately wounded.
Crazy Yiuf closely misses you.
You hit Crazy Yiuf.
Crazy Yiuf is heavily wounded.
Crazy Yiuf hits you with a +3 quarterstaff of chaos!
You hit Crazy Yiuf but do no damage.
Crazy Yiuf is heavily wounded.
Crazy Yiuf closely misses you.
Crazy Yiuf hits you with a +3 quarterstaff of chaos!
You die...

. .8.. #.# 8...8.. #.#
############# .......# #.#
#........)..# .......#####.#
#.###.##.##.#
.......#...#.###.###.##.# #
.............##.........##
.............##...#......#
................@....#...#
........<...###..g.####....#
8...8.......# ##..## #..###
..8....#....# ♣...P♣ #..#
.......###### ♣.PP♣♣ ##.#
.......# ♣♣.♣♣ .# .......#
♣.♣♣ .# #......# ## ♣♣.♣
.#.....# ##.# ♣.♣♣


You could see Crazy Yiuf.

Vanquished Creatures
  2 dart slugs (D:1)
  4 endoplasms
  A giant cockroach (D:1)
  5 hobgoblins
  3 kobolds
  4 ball pythons
  2 bats
  2 frilled lizards
23 creatures vanquished.

Vanquished Creatures (others)
  30 foxfires
  A fungus (D:2)
31 creatures vanquished.

Grand Total: 54 creatures vanquished

Notes
Turn   | Place    | Note
-------+----------+-------------------------------------------
     0 | D:1      | Logoto the Hill Orc Fire Elementalist began the quest for
                  | the Orb.
     0 | D:1      | Reached XP level 1. HP: 14/14 MP: 3/3
   208 | D:1      | Reached XP level 2. HP: 20/20 MP: 1/4
  1688 | D:2      | Learned a level 2 spell: Scorch
  1705 | D:2      | Reached XP level 3. HP: 26/26 MP: 2/5
  1907 | D:2      | Found a runed translucent door.
  1908 | D:2      | Noticed Crazy Yiuf
  1982 | D:2      | Slain by Crazy Yiuf

Illustrated notes

Levels and vault maps discovered:
D:1:      onia_arrival_pyramid, layout_basic
D:2:      wad_pebble_path, layout_loops_corners, uniq_crazy_yiuf_cottage

Action                   || total
-------------------------++-------
Melee: Unarmed           ||    50
       Dagger            ||    43
       Punch             ||     1
 Cast: Foxfire           ||    22
       Scorch            ||     2
Armor: Robe              ||     5
       Ring mail         ||    23
Dodge: Dodged            ||    64
